 Dungeon Crawl Stone Soup version 0.23.0-3-gf3c87f2 (webtiles) character file.

Game seed: 6690090064212846178

21 vladvlad the Caller (level 2, -4/20 HPs)
             Began as a Draconian Summoner on Feb 24, 2019.
             Slain by Sigmund
             ... wielding a +2 scythe of distortion
              (13 damage)
             ... on level 2 of the Dungeon.
             The game lasted 00:10:05 (1513 turns).

vladvlad the Caller (Draconian Summoner)            Turns: 1513, Time: 00:10:09

Health: -4/20      AC:  4    Str: 10    XL:     2   Next: 62%
Magic:  1/5        EV: 12    Int: 15    God:
Gold:   75         SH:  0    Dex: 11    Spells: 4/6 levels left

rFire    . . .     SeeInvis .   h - +0 dagger
rCold    . . .     Gourm    .   (no shield)
rNeg     . . .     Faith    .   (armour unavailable)
rPois    .         Spirit   .   (helmet restricted)
rElec    .         Reflect  .   (no cloak)
rCorr    .         Harm     .   (no gloves)
MR       .....                  (no boots)
Stlth    ++........             (no amulet)
HPRegen  0.06/turn              (no ring)
MPRegen  0.09/turn              (no ring)

@: no status effects
A: unfitting armour, cold-blooded, AC +4
a: no special abilities


You were on level 2 of the Dungeon.
You were very hungry.

You visited 1 branch of the dungeon, and saw 2 of its levels.

You collected 75 gold pieces.

Inventory:

Hand Weapons
 h - a +0 dagger (weapon)
Scrolls
 a - a scroll of remove curse {unknown}
 c - a scroll of blinking {unknown}
 d - a scroll of amnesia
 e - a scroll of immolation {unknown}
 g - a scroll of identify
 i - a scroll of enchant weapon {unknown}
Potions
 j - a potion of degeneration
Comestibles
 b - 2 rations


   Skills:
 - Level 1.7 Dodging
 - Level 1.7 Stealth
 + Level 2.5 Spellcasting
 + Level 4.4 Summonings


You had 4 spell levels left.
You knew the following spells:

 Your Spells              Type           Power        Failure   Level  Hunger
b - Call Imp              Summ           ###.....     5%          2    ###....

Your spell library contained the following spells:

 Spells                   Type           Power        Failure   Level  Hunger
 Summon Small Mammal      Summ           ###.         3%          1    #......
 Call Canine Familiar     Summ           ###.....     11%         3    ###....
 Summon Guardian Golem    Hex/Summ       #.......     26%         3    ###....
 Summon Ice Beast         Ice/Summ       #.......     63%         4    #####..
 Summon Lightning Spire   Summ/Air       #.......     63%         4    #####..


Dungeon Overview and Level Annotations

Branches:
Dungeon (2/15)

Altars:

Annotations:
D:2 Sigmund


Innate Abilities, Weirdness & Mutations

Your plain brown scales are hard. (AC +4)
You cannot fit into any form of body armour.
You are cold-blooded and may be slowed by cold attacks.


Message History

Casting: Call Imp (safe; 5% risk of failure)
Confirm with . or Enter, or press ? or * to list all spells.
A beastly little devil appears in a puff of flame.
Your crimson imp says, "I truckle to your service, O grandiloquent and rosy-lipped gentledraconian!"
What are your orders? t - Shout!
Orders for allies: a - Attack new target. r - Retreat! s - Stop attacking. g - Guard the area. f - Follow me.
Anything else - Cancel.
Gang up on whom?
Press: ? - help, Dir - move target cursor, f - Sigmund
Aim: Sigmund, wielding a +2 scythe of distortion and wearing a +0 robe Attack!
Your crimson imp blinks!
Sigmund hits you from afar with a +2 scythe of distortion!
Ouch! That really hurt!
Space warps horribly around you!
Ouch! That really hurt!
You die...

..#.. #..#
#...# ###..##
##...# .....
.... ...# @.K
#..# #.# #..#
#@#######..##
#ยง5@..<.....#
###########.#
#.# #.# ...
#.# #b# #.#


You could see Sigmund and a friendly crimson imp.

Vanquished Creatures
  A dart slug (D:1)
  A hobgoblin (D:1)
  2 jackals (D:1)
  2 kobolds (D:1)
  A bat (D:1)
7 creatures vanquished.

Vanquished Creatures (collateral kills)
  An adder (D:1)
  A worm (D:1)
  A goblin (D:1)
  A hobgoblin (D:1)
  A jackal (D:1)
  A bat (D:1)
  A frilled lizard (D:1)
  A kobold (D:2)
8 creatures vanquished.

Grand Total: 15 creatures vanquished

Notes
Turn   | Place    | Note
-------+----------+-------------------------------------------
     0 | D:1      | vladvlad the Draconian Summoner began the quest for the
                  | Orb.
     0 | D:1      | Reached XP level 1. HP: 14/14 MP: 3/3
   813 | D:1      | Reached XP level 2. HP: 20/20 MP: 3/5
   817 | D:1      | Learned a level 2 spell: Call Imp
  1508 | D:2      | Noticed Sigmund
  1513 | D:2      | Slain by Sigmund

Action                   || total
-------------------------++-------
Melee: Dagger            ||    34
       Unarmed           ||    19
       Tailslap          ||     8
 Cast: Summon Small Mamm ||    10
       Call Imp          ||     8
  Use: Scroll            ||     2
 Stab: Sleeping          ||     2
       Distracted        ||     1
  Eat: Chunk             ||     1
Armor: Skin              ||    13
Dodge: Dodged            ||    40
